 Dungeon Crawl Stone Soup version 0.29.1-debian-1-gc3f1650bb9 (webtiles) character file.

Game seed: 13136692530368475871

191 IdlyInterested the Trooper (level 5, -12/40 HPs)
             Began as a Demonspawn Wanderer on Sept 12, 2022.
             Killed from afar by Natasha (18 damage)
             ... with a bolt of light
             ... on level 3 of the Dungeon.
             The game lasted 00:09:57 (4244 turns).

IdlyInterested the Trooper (Demonspawn Wanderer)    Turns: 4244, Time: 00:09:58

Health: -12/40     AC: 10    Str: 11    XL:     5   Next: 42%
Magic:  8/8        EV:  9    Int: 14    God:
Gold:   208        SH:  0    Dex: 15    Spells: 4/8 levels left

rFire   . . .      SeeInvis .   r - staff of death
rCold   . . .      Faith    .   (no shield)
rNeg    + . .      Spirit   .   x - +0 scale mail
rPois   .          Reflect  .   g - +1 hat
rElec   .          Harm     .   (no cloak)
rCorr   .          Rampage  .   e - +0 pair of gloves
Will    .....                   (no boots)
Stlth   ..........              (no amulet)
HPRegen 0.13/turn               (no ring)
MPRegen 0.11/turn               (no ring)

@: confused, slowed, very slow
A: thin metallic scales 1, ignite blood 1
a: no special abilities


You were on level 3 of the Dungeon.
You visited 1 branch of the dungeon, and saw 3 of its levels.

You collected 208 gold pieces.

Inventory:

Hand Weapons
 a - a +2 long sword
 f - a +0 short sword
 j - a +0 dagger of protection
 k - a +0 falchion of flaming
Missiles
 p - 5 poisoned darts
Armour
 c - a +0 robe
 e - a +0 pair of gloves (worn)
 g - a +1 hat (worn)
 m - a +0 leather armour
 n - a +0 ring mail
 x - a +0 scale mail (worn)
Magical Staves
 r - a staff of death (weapon)
Jewellery
 q - a +6 ring of dexterity
Wands
 t - a wand of light (9)
Scrolls
 o - a scroll of poison
 u - a scroll of immolation {unknown}
 w - a scroll of summoning {unknown}
Potions
 b - a potion of lignification
 d - 4 potions of attraction
 h - 3 potions of haste
 i - a potion of mutation {unknown}
 l - a potion of cancellation {unknown}
 s - a potion of flight {unknown}
 v - a potion of heal wounds {unknown}


   Skills:
 + Level 2.8 Fighting
 - Level 1.7 Long Blades
 * Level 1.1 Staves
 + Level 2.4 Dodging
 - Level 1.0 Stealth
 - Level 2.0 Spellcasting
 - Level 2.0 Conjurations
 + Level 1.0 Necromancy
 * Level 1.8 Air Magic
 + Level 2.1 Evocations


You had 4 spell levels left.
You knew the following spells:

 Your Spells              Type           Power      Damage    Failure   Level
a - Shock                 Conj/Air       24%        1d4       56%         1
b - Kindle Blastsparks    Fire/Tloc/Air  6%         2d10      98%         3

Your spell library contained the following spells:

 Spells                   Type           Power      Damage    Failure   Level
 Foxfire                  Conj/Fire      16%        2x1d4     69%         1
 Scorch                   Fire           2%         2d5       92%         2
 Inner Flame              Hex/Fire       1%         N/A       99%         3
 Flame Wave               Conj/Fire      4%         2d5       100%        4
 Summon Cactus Giant      Summ           0%         N/A       100%        6


Dungeon Overview and Level Annotations

Branches:
Dungeon (3/15)

Altars:

Annotations:
D:3 3 runed translucent doors, IdlyInterested's ghost, amateur FoBr; Natasha


Innate Abilities, Weirdness & Mutations

You are partially covered in thin metallic scales. (AC +2)
Your demonic aura sometimes causes spilled blood to erupt in flames.


Message History

Natasha, Servant of Life and Death comes into view.
She is carrying a wand of light (8).
Natasha howls an incantation.
Natasha shimmers violently.
Natasha casts a spell at you. The magic dart hits you.
Natasha mumbles some strange words.
You hit Natasha.
Natasha is lightly wounded.
Natasha closely misses you.
You hit Natasha.
Natasha is moderately wounded.
Natasha claws you.
You hit Natasha but do no damage.
Natasha is moderately wounded.
Natasha barely misses you.
You hit Natasha but do no damage.
Natasha is moderately wounded.
Natasha stares at you and mumbles some strange words.
You feel yourself slow down.
You closely miss Natasha.
Natasha is moderately wounded.
Natasha claws you but does no damage.
Natasha zaps a wand.
The bolt of light hits you!
You hit Natasha but do no damage.
Natasha is moderately wounded.
Natasha casts a spell at you.
You feel as though you will be slow longer.
Natasha barely misses you.
You hit Natasha.
Natasha is moderately wounded.
Natasha barely misses you.
You hit Natasha.
Natasha is severely wounded.
Natasha wildly gestures.
You feel disoriented.
Natasha zaps a wand.
The bolt of light hits you!!
* * * LOW HITPOINT WARNING * * *
Natasha zaps a wand.
The bolt of light hits you!!
You are confused.
You die...

######.# #.# #......# #.###
#.####.# #.... #.# #.# #.### #.#
#.# #.# #######.## #.# #.# ####
#........# #.# #.###
...###........###.###########....
..............5h@................
#..###........###.###############
#..# #......<.###.###......# ###
#..# #................####.# #..
#..# #.........##.########.# #.#
#..# #########.##.#........# #.#
#..# #.##.#.#####..# #.#
...###########..#.#........####.#
##...........)..#...........)....


You could see Natasha and a white imp (summoned).

Vanquished Creatures
  Natasha (D:3)
  9 adders
  An ufetubus (D:3)
  2 worms (D:2)
  2 dart slugs
  4 orcs (D:3)
  A ball python (D:1)
  8 endoplasms
  A giant cockroach (D:3)
  5 goblins
  2 hobgoblins
  2 jackals (D:2)
  5 kobolds
  8 quokkas
  9 bats
  4 frilled lizards
  4 rats
68 creatures vanquished.

Vanquished Creatures (others)
  3 plants (D:1)
3 creatures vanquished.

Grand Total: 71 creatures vanquished

Notes
Turn   | Place    | Note
-------+----------+-------------------------------------------
     0 | D:1      | IdlyInterested the Demonspawn Wanderer began the quest for
                  | the Orb.
     0 | D:1      | IdlyInterested set off with the following items: a +1 long
                  | sword, a potion of lignification, a +0 robe; and the
                  | following spell memorised: Shock; and the following spells
                  | available to memorise: Kindle Blastsparks.
     0 | D:1      | Reached XP level 1. HP: 16/16 MP: 3/3
     7 | D:1      | You fall into a shaft and drop 1 floor!
   165 | D:1      | Reached skill level 1 in Conjurations
   165 | D:1      | Gained mutation: You are partially covered in thin metallic
                  | scales. (AC +2) [demonic ancestry]
   165 | D:1      | Reached XP level 2. HP: 18/22 MP: 5/5
   366 | D:1      | Found a faded altar of an unknown god.
  1020 | D:1      | Gained mutation: Your demonic aura sometimes causes spilled
                  | blood to erupt in flames. [demonic ancestry]
  1020 | D:1      | Reached XP level 3. HP: 15/27 MP: 6/6
  1278 | D:1      | Learned a level 3 spell: Kindle Blastsparks
  2121 | D:2      | Reached XP level 4. HP: 28/34 MP: 7/7
  2996 | D:3      | Reached XP level 5. HP: 25/39 MP: 8/8
  3648 | D:3      | Noticed Natasha
  3654 | D:3      | Killed Natasha
  3655 | D:3      | Reached skill level 1 in Staves
  3655 | D:3      | Reached skill level 1 in Necromancy
  3881 | D:3      | Found a runed translucent gate.
  3881 | D:3      | Identified the +6 spear "Amuuckok" {flame, Stlth+}
  3882 | D:3      | Found a runed translucent gate.
  3882 | D:3      | Found a runed translucent gate.
  3884 | D:3      | Noticed IdlyInterested's ghost (amateur FoBr)
  4233 | D:3      | Noticed Natasha
  4244 | D:3      | Killed from afar by Natasha

Illustrated notes

Levels and vault maps discovered:
D:1:      psy_arrival_heroes, layout_basic,
          ebering_ecumenical_altar_sacrificial, serial_bayou,
          serial_bayou_shore_b, serial_bayou_shore_b, serial_bayou_pond_b,
          serial_bayou_ford_a, serial_bayou_pond_e, serial_bayou_pond_b
D:2:      layout_loops_cross
D:3:      layout_basic, biasface_ghost_orc_armoury, uniq_natasha

Skill      XL: |  1  2  3  4  5 |
---------------+----------------+-----
Conjurations   | 1 2 |  2.0
Dodging        | 2 |  2.4
Evocations     | 2 |  2.1
Staves         | 1 |  1.1
Necromancy     | 1 |  1.0
Fighting       | |  2.8
Long Blades    | |  1.7
Stealth        | |  1.0
Spellcasting   | |  2.0
Air Magic      | |  1.8

Action                   |  1- 3 |  4- 6 || total
-------------------------+-------+-------++-------
Melee: Long sword        |    99 |    20 ||   119
       Punch             |     1 |       ||     1
       Staff             |       |   103 ||   103
 Cast: Shock             |     2 |     8 ||    10
  Use: Scroll            |     2 |     4 ||     6
 Stab: Sleeping          |     1 |     1 ||     2
Armor: Robe              |    43 |     2 ||    45
       Ring mail         |       |    95 ||    95
       Scale mail        |       |     2 ||     2
Dodge: Dodged            |    63 |   112 ||   175
